 Dungeon Crawl Stone Soup version 0.26.0-16-gc1dbca0489 (webtiles) character file.

Game seed: 9935859826419029036

219 EnegeticOcto the Chiller (level 6, -13/41 HPs)
             Began as a Formicid Ice Elementalist on Jan 21, 2021.
             Mangled by a two-headed ogre
             ... wielding a +0 great mace
              (16 damage)
             ... on level 3 of the Dungeon.
             The game lasted 00:12:54 (1376 turns).

EnegeticOcto the Chiller (FoIE)                     Turns: 1376, Time: 00:12:55

Health: -13/41     AC:  2    Str: 13    XL:     6   Next: 17%
Magic:  0/10       EV: 12    Int: 16    God:
Gold:   225        SH:  0    Dex: 11    Spells: 2/10 levels left

rFire    . . .     SeeInvis +   r - +0 trident
rCold    . . .     Faith    .   (no shield)
rNeg     . . .     Spirit   .   a - +0 robe
rPois    .         Reflect  .   (helmet unavailable)
rElec    .         Harm     .   (no cloak)
rCorr    .         Rampage  .   (no gloves)
Will     .....                  (no boots)
Stlth    ++........             l - amulet of magic regeneration
HPRegen  0.13/turn              (no ring)
MPRegen  0.37/turn              (no ring)

@: no status effects
A: permanent stasis, dig shafts and tunnels, four strong arms, antennae 3
a: Dig, Shaft Self


You were on level 3 of the Dungeon.
You visited 1 branch of the dungeon, and saw 3 of its levels.

You collected 225 gold pieces.

Inventory:

Hand Weapons
 f - a +0 short sword
   (You took it off a kobold on level 1 of the Dungeon)
 m - a +0 spear
   (You found it on level 2 of the Dungeon)
 r - a +0 trident (weapon)
   (You took it off an orc on level 3 of the Dungeon)
Missiles
 d - 35 stones
Armour
 a - a +0 robe (worn)
Jewellery
 l - an amulet of magic regeneration (around neck)
   (You found it on level 2 of the Dungeon)
Scrolls
 b - a scroll of blinking {unknown}
 c - 2 scrolls of identify {unknown}
 e - 2 scrolls of noise {unknown}
 g - a scroll of enchant armour {unknown}
 h - 2 scrolls of immolation {unknown}
 j - 2 scrolls of remove curse {unknown}
 n - a scroll of teleportation {@r3 !r}
Potions
 i - a potion of might {unknown}
 k - a potion of curing {unknown}
 o - a potion of heal wounds {unknown}
 p - 2 potions of haste {unknown}


   Skills:
 - Level 1.7 Dodging
 - Level 2.4 Stealth
 + Level 2.7 Spellcasting
 + Level 1.3 Summonings
 - Level 6.5 Ice Magic


You had 2 spell levels left.
You knew the following spells:

 Your Spells              Type           Power        Failure   Level
a - Freeze                Ice            92%          1%          1
b - Frozen Ramparts       Ice            46%          3%          3
c - Summon Ice Beast      Ice/Summ       14%          36%         4

Your spell library contained the following spells:

 Spells                   Type           Power        Failure   Level
 Ozocubu's Armour         Ice            23%          3%          3
 Hailstorm                Conj/Ice       12%          45%         4


Dungeon Overview and Level Annotations

Branches:
Dungeon (3/15)

Altars:
Yredelemnul


Innate Abilities, Weirdness & Mutations

You cannot be hasted, slowed, berserked, paralysed or teleported.
You can dig through walls and to a lower floor.
Your four strong arms can wield two-handed weapons with a shield.
You have a pair of large antennae on your head. (SInv)


Message History

The two-headed ogre hits your ice beast with a +0 great mace!
The two-headed ogre hits your ice beast but does no damage.
Your ice beast hits the two-headed ogre.
Your ice beast freezes the two-headed ogre!
Casting: Summon Ice Beast (extremely dangerous; 36% risk of failure)
Confirm with . or Enter, or press ? or * to list all spells.
Casting: Frozen Ramparts (dangerous; 3% risk of failure)
Press: ? - help, Dir - look around, f - activate The walls around you are covered in ice.
The wall freezes the two-headed ogre.
The two-headed ogre hits your ice beast with a +0 great mace!
The two-headed ogre hits your ice beast with a cursed -3 giant club!!
Your ice beast dies!
Evoke which item? (* to show all) (? for menu, Esc to quit)
Okay, then.
Unknown command.
Okay, then.
As you read the scroll labelled KOSSEI QOYJOOB, it crumbles to dust.
You feel a strange sense of stasis.
It was a scroll of teleportation.
The wall freezes the two-headed ogre.
As you read the scroll labelled ARUIRUC GAHIL, it crumbles to dust.
You assume a fearsome visage.
The two-headed ogre resists with almost no effort.
It was a scroll of fear.
The wall freezes the two-headed ogre.
Really read
q - a scroll of fear {!r}?
Okay, then.
Your frozen ramparts will break if you move.
Continue?
The frozen ramparts melt away as you move.
Really read
q - a scroll of fear {!r}?
As you read the scroll of fear {!r}, it crumbles to dust.
You assume a fearsome visage.
The two-headed ogre looks frightened!
Casting: Frozen Ramparts (dangerous; 3% risk of failure)
Confirm with . or Enter, or press ? or * to list all spells.
The spell is extremely dangerous to cast (36% risk of failure)!
Continue anyway?
A chill wind blows around you.
Casting: Summon Ice Beast (extremely dangerous; 36% risk of failure)
Confirm with . or Enter, or press ? or * to list all spells.
The spell is extremely dangerous to cast (36% risk of failure)!
Continue anyway?
You miscast Summon Ice Beast.
You are very lightly contaminated with residual magic.
Nothing appears to happen.
The two-headed ogre yells at you, "GO AWAY!"
Your ice beast hits the two-headed ogre.
Your ice beast freezes the two-headed ogre.
Cornered, the two-headed ogre turns to fight!
Your ice beast hits the two-headed ogre.
Your ice beast freezes the two-headed ogre.
The two-headed ogre hits your ice beast with a +0 great mace!!
Your ice beast dies!
Casting: Summon Ice Beast (extremely dangerous; 36% risk of failure)
Confirm with . or Enter, or press ? or * to list all spells.
Casting: Frozen Ramparts (dangerous; 3% risk of failure)
Press: ? - help, Dir - look around, f - activate The walls around you are covered in ice.
Your magical contamination has completely faded away.
The wall freezes the two-headed ogre.
The wall freezes the two-headed ogre.
You barely miss the two-headed ogre.
The two-headed ogre is severely wounded.
The wall freezes the two-headed ogre.
The two-headed ogre hits you with a +0 great mace.
The two-headed ogre barely misses you.
Casting: Frozen Ramparts (dangerous; 3% risk of failure)
Confirm with . or Enter, or press ? or * to list all spells.
Aiming: Freeze (safe; 1% risk of failure)
Press: ? - help, Shift-Dir - straight line, f - two-headed ogre
Aim: a two-headed ogre, wielding a +0 great mace and a -3 giant club (severely wounded)
You freeze the two-headed ogre.
The two-headed ogre is severely wounded.
The wall freezes the two-headed ogre.
The two-headed ogre hits you with a +0 great mace!
The two-headed ogre barely misses you.
Casting: Freeze (safe; 1% risk of failure)
Confirm with . or Enter, or press ? or * to list all spells.
Aiming: Freeze (safe; 1% risk of failure)
Press: ? - help, Shift-Dir - straight line, f/p - two-headed ogre
Aim: a two-headed ogre, wielding a +0 great mace and a -3 giant club (severely wounded)
You freeze the two-headed ogre.
The two-headed ogre is almost dead.
Your frozen ramparts will break if you move.
Continue?
The frozen ramparts melt away as you move.
Casting: Freeze (safe; 1% risk of failure)
Confirm with . or Enter, or press ? or * to list all spells.
Aiming: Freeze (safe; 1% risk of failure)
Press: ? - help, Shift-Dir - straight line, f/p - two-headed ogre
Aim: a two-headed ogre, wielding a +0 great mace and a -3 giant club (almost dead)
You freeze the two-headed ogre.
The two-headed ogre is almost dead.
The two-headed ogre completely misses you.
The two-headed ogre hits you with a cursed -3 giant club!
* * * LOW HITPOINT WARNING * * *
Casting: Freeze (safe; 1% risk of failure)
Confirm with . or Enter, or press ? or * to list all spells.
Aiming: Freeze (safe; 1% risk of failure)
Press: ? - help, Shift-Dir - straight line, f/p - two-headed ogre
Aim: a two-headed ogre, wielding a +0 great mace and a -3 giant club (almost dead)
You freeze the two-headed ogre.
The two-headed ogre is almost dead.
The two-headed ogre hits you with a +0 great mace!
You die...

# ### ###### ### ##
#.#####.#########.##.#####.####.
............O...#..#.......#....
.#.....#######.#..#.###.#.#.##.
#.###.# #.#......##..#.... #.#
#O# #.#....#.###.##### #.# #.#
#@#....#.###...... #.# #.#
#O#....#....###### #.###'####
##...<..#.......# #
#.#......###.####..##...##.#
.#.#[#...#####.## ######.....#
....))...#....♣♣ #.#######
.###.#.(.#.♣♣♣♣ ♣........#
#.###..#♣♣ ♣.######.# #.# #....♣
♣.#.#..#.#


You could see a two-headed ogre.

Vanquished Creatures
  An orc priest (D:3)
  Natasha (twice) (D:2)
  A hound skeleton (D:2)
  A worker ant zombie (D:3)
  5 adders
  2 dart slugs
  A leopard gecko (D:2)
  7 orcs (D:3)
  10 goblins
  4 hobgoblins
  6 jackals
  7 kobolds
  5 bats
  7 frilled lizards
  6 rats
65 creatures vanquished.

Vanquished Creatures (collateral kills)
  A rat (D:3)
1 creature vanquished.

Vanquished Creatures (others)
  A fungus (D:3)
1 creature vanquished.

Grand Total: 67 creatures vanquished

Notes
Turn   | Place    | Note
-------+----------+-------------------------------------------
     0 | D:1      | EnegeticOcto the Formicid Ice Elementalist began the quest
                  | for the Orb.
     0 | D:1      | Reached XP level 1. HP: 13/13 MP: 3/3
   210 | D:1      | Reached XP level 2. HP: 12/19 MP: 0/5
   393 | D:1      | Reached XP level 3. HP: 5/24 MP: 2/6
   400 | D:1      | Learned a level 3 spell: Frozen Ramparts
   558 | D:2      | Reached skill level 5 in Ice Magic
   591 | D:2      | HP: 1/24 [hound skeleton (3)]
   643 | D:2      | Reached XP level 4. HP: 8/30 MP: 0/7
   959 | D:2      | Noticed Natasha
   964 | D:2      | Killed Natasha
   965 | D:2      | Reached skill level 6 in Ice Magic
   965 | D:2      | Reached XP level 5. HP: 17/35 MP: 0/8
  1004 | D:2      | Noticed Natasha
  1007 | D:2      | Killed Natasha
  1138 | D:3      | Learned a level 4 spell: Summon Ice Beast
  1173 | D:3      | Reached XP level 6. HP: 24/41 MP: 3/9
  1180 | D:3      | Found a basalt altar of Yredelemnul.
  1183 | D:3      | Reached skill level 1 in Summonings
  1321 | D:3      | Noticed a two-headed ogre
  1376 | D:3      | Mangled by a two-headed ogre

Illustrated notes

Levels and vault maps discovered:
D:1:      onia_arrival_mini_maze_b, layout_basic, lemuel_flame_loot_1
D:2:      minmay_chambers_of_twos, layout_loops_ring, minmay_strange_pillars,
          uniq_natasha
D:3:      layout_basic, nicolae_overflow_crystal_walls,
          chequers_ecumenical_altar_island, serial_glass, glass_columns_b,
          glass_columns_b, uniq_crazy_yiuf_cottage

Skill      XL: |  1  2  3  4  5  6 |
---------------+-------------------+-----
Ice Magic      | 5 6 |  6.5
Summonings     | 1 |  1.3
Dodging        | |  1.7
Stealth        | |  2.4
Spellcasting   | |  2.7

Action                   |  1- 3 |  4- 6 || total
-------------------------+-------+-------++-------
Melee: Unarmed           |     9 |       ||     9
       Short sword       |    27 |     3 ||    30
       Spear             |       |    16 ||    16
       Trident           |       |     1 ||     1
 Cast: Freeze            |    34 |    33 ||    67
       Frozen Ramparts   |     2 |    16 ||    18
       Summon Ice Beast  |       |     2 ||     2
 Abil: Dig               |    43 |    41 ||    84
  Use: Scroll            |       |     3 ||     3
Armor: Robe              |    13 |     8 ||    21
Dodge: Dodged            |    40 |    54 ||    94
